 Dungeon Crawl Stone Soup version 0.31-a0-198-g2ad674f65e (webtiles) character file.

Game seed: 1024042923647394833

44 Pixllover the Chopper (level 3, -4/29 HPs)
             Began as a Ghoul Gladiator on June 25, 2023.
             Killed by divine providence
             ... invoked by an orc priest
              (10 damage)
             ... on level 3 of the Dungeon.
             The game lasted 00:03:40 (1515 turns).

Pixllover the Chopper (Ghoul Gladiator)             Turns: 1515, Time: 00:03:40

Health: -4/29      AC:  7    Str: 19    XL:     3   Next: 60%
Magic:  2/2        EV: 10    Int:  3    God:
Gold:   105        SH:  0    Dex: 10    Spells: 2/2 levels left

rFire   . . .        f - +1 spear (venom)
rCold   + . .        (no shield)
rNeg    + + +        j - +0 scale mail
rPois   ∞            c - +0 helmet
rElec   .            (no cloak)
rCorr   .            (no gloves)
SInv    .            (no boots)
Will    .....        (no amulet) Stlth
                     (no ring)
HPRegen 0.00/turn    (no ring)
MPRegen 0.08/turn

%: no passive effects
@: confused, inhibited regen
A: claws 1, cold resistance 1, negative energy resistance 3, inhibited
regeneration, torment resistance 2, devour on kill
a: no special abilities


You were on level 3 of the Dungeon.
You visited 1 branch of the dungeon, and saw 3 of its levels.

You collected 105 gold pieces.

Inventory:

Hand Weapons
 a - a +0 war axe
 f - a +1 spear of venom (weapon)
Missiles
 d - 3 throwing nets (quivered)
 e - a javelin
Armour
 b - a +0 leather armour
 c - a +0 helmet (worn)
 h - a +0 helmet
 j - a +0 scale mail (worn)
Scrolls
 i - a scroll of enchant weapon
 k - a scroll of amnesia
 l - a scroll of fog {unknown}
 o - a scroll of vulnerability {unknown}
Potions
 m - a potion of ambrosia
 n - 2 potions of curing


   Skills:
 + Level 2.3 Fighting
 + Level 3.1(3.2) Axes
 + Level 1.1(2.2) Polearms
 + Level 2.1 Throwing
 + Level 0.2 Armour
 + Level 3.1 Dodging


You had 2 spell levels left.
You didn't know any spells.
Your spell library contained the following spells:

 Spells                   Type           Power      Damage    Failure   Level
 Kiss of Death            Conj/Necr      0%         2d5       89%         1
 Confusing Touch          Hex            0%         N/A       99%         3
 Dispel Undead            Necr           0%         3d6       100%        4


Dungeon Overview and Level Annotations

Branches:
Dungeon (3/15)

Altars:
Hepliaklqana


Innate Abilities, Weirdness & Mutations

You are immune to poison.
You have sharp fingernails.
Your flesh is cold resistant. (rC+)
You are immune to negative energy. (rN+++)
You do not regenerate when monsters are visible.
You are immune to unholy pain and torment.
You thrive by killing the living.


Message History

As you read the scroll of identify, it crumbles to dust.
m - a potion of ambrosia
As you read the scroll of identify, it crumbles to dust.
i - a scroll of enchant weapon
As you read the scroll of identify, it crumbles to dust.
k - a scroll of amnesia You now have 105 gold pieces (gained 19).
Found 7 stones.
You see here 7 stones.
Found a stone staircase leading down.
A ball python comes into view.
The ball python hisses angrily.
The ball python closely misses you. The ball python grabs you.
The ball python constricts you.
You escape the ball python's grasp.
You hit the ball python.
You kill the ball python!
You see here a ball python corpse.
An orc priest comes into view. It is wielding a +0 flail.
The orc priest shouts!
An orc comes into view. It is wielding a +0 dagger.
The orc shouts!
The orc moves out of view.
An orc wizard comes into view. It is wielding a +0 dagger.
The orc wizard shouts!
The orc priest hits you with a +0 flail.
You barely miss the orc priest.
The orc wizard points at you and mumbles some strange words.
You are confused.
The orc priest calls down the wrath of Beogh upon you.
Beogh smites you!
You bump into the rock wall.
The orc priest hits you with a +0 flail.
You bump into the rock wall.
The orc hits you but does no damage.
The orc priest hits you with a +0 flail.
You bump into the rock wall.
The orc hits you with a +0 dagger.
* * * LOW HITPOINT WARNING * * *
The orc priest calls down the wrath of Beogh upon you.
Beogh smites you!
You die...

......## #.# .......#
#.# ######.###.#
######.....###
.............#
############†########
# #............... #
#.######.####### #
#...@# # ####ooo..# #
.......# # ........#
.........#
..........'.
#..........##
#..........#


You could see an orc priest, an orc wizard and an orc.

Vanquished Creatures
  A worm (D:2)
  6 bats
  5 endoplasms
  2 giant cockroaches (D:2)
  5 goblins
  2 hobgoblins
  2 quokkas (D:1)
  3 ball pythons
  2 frilled lizards
  7 kobolds
  2 rats (D:1)
37 creatures vanquished.

Notes
Turn   | Place    | Note
-------+----------+-------------------------------------------
     0 | D:1      | Pixllover the Ghoul Gladiator began the quest for the Orb.
     0 | D:1      | Reached XP level 1. HP: 17/17 MP: 0/0
    60 | D:1      | Reached XP level 2. HP: 24/24 MP: 1/1
   631 | D:2      | Reached XP level 3. HP: 29/29 MP: 2/2
   834 | D:2      | Found a hazy altar of Hepliaklqana.
  1048 | D:2      | Reached skill level 1 in Polearms
  1515 | D:3      | Killed from afar by an orc priest

Illustrated notes

Levels and vault maps discovered:
D:1:      elethiomel_arrival_shortcut, layout_basic
D:2:      layout_basic, basic_altar
D:3:      layout_basic, uniq_ijyb

Skill      XL: |  1  2  3 |
---------------+----------+-----
Throwing       | 2 |  2.1
Axes           | 3 |  3.1
Dodging        | 3 |  3.1
Polearms       | 1 |  1.1
Fighting       | |  2.3
Armour         | |  0.2

Action                     || total
---------------------------++-------
  Melee: Spear             ||   100
    Use: Scroll            ||     4
 Armour: Leather armour    ||    24
         Scale mail        ||    24
  Dodge: Dodged            ||    54

Table legend: (Time is in decaauts)
 A = Elapsed time spent in this place.
 B = Non-inter-level travel time spent in this place.
 C = Inter-level travel time spent in this place.
 D = Time resting spent in this place.
 E = Time spent auto-exploring this place.
 F = Levels seen in this place.
 G = Mean time per level.
                   A        B        C        D        E       F      G
               +--------+--------+--------+--------+--------+-----+--------+
         Total |   1514 |   1465 |     49 |    103 |    827 |   3 |  504.7 |
       Dungeon |   1514 |   1465 |     49 |    103 |    827 |   3 |  504.7 |
               +--------+--------+--------+--------+--------+-----+--------+

Top non-repeatable levels by time:
     D:2: 784 daAuts
     D:1: 605 daAuts
     D:3: 124 daAuts
